 Dungeon Crawl Stone Soup version 0.28.0-53-g5a82cb258f (webtiles) character file.

Game seed: 14640171547623370047

22702 Plasmagod the Severer (level 12, -24/108 HPs)
             Began as a Minotaur Fighter on July 14, 2022.
             Was an Initiate of Gozag.
             Killed from afar by Frances (45 damage)
             ... with an iron shot
             ... on level 13 of the Dungeon.
             The game lasted 00:58:05 (11109 turns).

Plasmagod the Severer (Minotaur Fighter)           Turns: 11109, Time: 00:58:06

Health: -24/108    AC: 26    Str: 24    XL:     12   Next: 65%
Magic:  11/11      EV:  7    Int:  5    God:    Gozag
Gold:   1241       SH:  5    Dex: 12    Spells: 11/11 levels left

rFire   x . .      SeeInvis +   w - +12 hand axe "Hunepoje" {freeze, rPois rC+}
rCold   + + .      Faith    .   c - +0 buckler
rNeg    . . .      Spirit   .   m - +1 plate armour of the Imp {Slay+3}
rPois   +          Reflect  .   F - +2 hat
rElec   .          Harm     .   o - +0 cloak
rCorr   .          Rampage  .   k - +1 pair of gloves
Will    +....                   A - +2 pair of boots {Fly}
Stlth   ..........              b - amulet of regeneration
HPRegen 1.08/turn               M - ring of willpower
MPRegen 0.12/turn               j - ring of Plog {Ice SInv}

@: mighty, brilliant, gold aura, on berserk cooldown, flying, slowed, studying
Staves, very slow
A: horns 2, retaliatory headbutt
a: Renounce Religion, Potion Petition, Call Merchant, Bribe Branch


You were on level 13 of the Dungeon.
You worshipped Gozag.
Gozag was most pleased with you.
You visited 1 branch of the dungeon, and saw 13 of its levels.
You also visited: Bailey.

You collected 2972 gold pieces.
You spent 525 gold pieces at shops.
You paid 1206 gold pieces to Gozag.

Inventory:

Hand Weapons
 a - a +0 war axe
 g - the +5 mace of Terror {spect, rF++ Will+}
   (You found it on level 3 of the Dungeon)

   When its wielder attacks, the weapon's spirit leaps out and strikes again.
   The spirit shares a part of any damage it takes with its wielder.
   rF:        It greatly protects you from fire.
   Will:      It increases your willpower.
 i - the +1 battleaxe of Nasyina {flame, Fragile rCorr MP+9 Stlth+}
   (You bought it in a shop on level 5 of the Dungeon)

   It burns those it strikes, dealing additional fire damage.
   Big, fiery blades are also staple armaments of hydra-hunters.
   MP:        It affects your magic capacity (+9).
   rCorr:     It protects you from acid and corrosion.
   Fragile:   It will be destroyed if unequipped.
   Stlth:     It makes you more stealthy.
 n - a +5 quarterstaff of chaos
 r - a +5 falchion of freezing
 w - the +12 hand axe "Hunepoje" (weapon) {freeze, rPois rC+}
   (You bought it in a shop on level 7 of the Dungeon)

   It freezes those it strikes, dealing additional cold damage.
   It can also slow down cold-blooded creatures.
   rC:        It protects you from cold.
   rPois:     It protects you from poison.
Missiles
 J - 3 silver boomerangs (quivered)
Armour
 c - a +0 buckler (worn)
 k - a +1 pair of gloves (worn)
 m - the +1 plate armour of the Imp (worn) {Slay+3}
   (You found it on level 3 of the Dungeon)

   Slay:      It affects your accuracy & damage with ranged weapons and melee
   (+3).
 o - a +0 cloak (worn)
 A - a +2 pair of boots of flying (worn)
 F - a +2 hat (worn)
Jewellery
 b - an amulet of regeneration (around neck)
 h - a ring of magical power
 j - the ring of Plog (right hand) {Ice SInv}
   (You found it on level 6 of the Dungeon)

   [ring of ice]

   It enhances your ice magic.
   rF:        It makes you vulnerable to fire.
   rC:        It protects you from cold.
   SInv:      It lets you see invisible.
 t - a ring of resist corrosion
 M - a ring of willpower (left hand)
Wands
 u - a wand of acid (14)
 y - a wand of mindburst (10)
 L - a wand of digging (8)
 N - a wand of iceblast (12)
 O - a wand of flame (12)
Scrolls
 l - a scroll of vulnerability
 q - 2 scrolls of fear
 s - 4 scrolls of identify
 B - 2 scrolls of blinking
 C - a scroll of silence
 D - 2 scrolls of enchant weapon
 I - 3 scrolls of teleportation
Potions
 d - 3 potions of might
 e - 5 potions of curing
 f - 3 potions of heal wounds
 p - 2 potions of brilliance
 v - a potion of magic {unknown}
 x - 2 potions of mutation {unknown}
 z - 4 potions of flight
 E - a potion of ambrosia
 G - a potion of attraction {unknown}
 H - a potion of invisibility {unknown}
 K - 3 potions of lignification {unknown}
Miscellaneous
 P - a lightning rod (4/4)


   Skills:
 + Level 10.9 Fighting
 - Level 15.9 Axes
 + Level 1.2(13.6) Maces & Flails
 - Level 14.0 Staves
 + Level 12.1 Armour
 + Level 1.6 Dodging
 + Level 1.4 Stealth
 + Level 7.3 Shields
 + Level 2.3 Evocations


You had 11 spell levels left.
You didn't know any spells.
Your spell library contained the following spells:

 Spells                   Type           Power      Damage    Failure   Level
 Sting                    Tmut/Pois      0%         1d3       100%        1
 Poisonous Vapours        Pois/Air       0%         N/A       100%        2
 Static Discharge         Conj/Air       0%         N/A       100%        2
 Ignite Poison            Fire/Tmut/Pois 0%         N/A       100%        3
 Mephitic Cloud           Conj/Pois/Air  0%         N/A       100%        3
 Summon Guardian Golem    Hex/Summ       0%         N/A       100%        3
 Tukima's Dance           Hex            0%         N/A       100%        3
 Airstrike                Air            0%         N/A       100%        4
 Dispel Undead            Necr           0%         3d6       100%        4
 Olgreb's Toxic Radiance  Pois           0%         N/A       100%        4
 Passage of Golubria      Tloc           0%         N/A       100%        4
 Sticky Flame             Conj/Fire      0%         2d3       100%        4
 Summon Lightning Spire   Summ/Air       0%         N/A       100%        4
 Freezing Cloud           Conj/Ice/Air   0%         6-21      100%        5
 Lightning Bolt           Conj/Air       0%         1d11      100%        5
 Yara's Violent Unravell  Hex/Tmut       0%         3d3       100%        5
 Orb of Destruction       Conj           0%         9d5       100%        7
 Spellforged Servitor     Conj/Summ      0%         N/A       100%        7


Dungeon Overview and Level Annotations

Branches:
Dungeon (13/15)            Temple (0/1) D:6            Lair (0/6) D:11
    Orc (0/2) D:9          Bailey (visited)
 Vaults: D:13-14

Altars:
Ashenzari
Dithmenos
Elyvilon
Gozag
Nemelex Xobeh
Vehumet
Xom
Yredelemnul
The Shining One

Shops:
D:5 *   D:6 !   D:7 (

Annotations:
D:9 2 transporters, crawlogic's ghost, novice GrBe
D:13 2 transporters, Frances


Innate Abilities, Weirdness & Mutations

You have a pair of horns on your head.
You reflexively headbutt those who attack you in melee.


Message History

You completely miss the sixfirhy.
Frances mutters a nigh-unspeakable word.
Frances hits you with a +0 long sword!
You barely miss Frances. You headbutt Frances.
Frances is severely wounded.
You slash the sixfirhy! You freeze the sixfirhy.
The soul eater is distracted by your dazzling golden aura.
Frances is distracted by your dazzling golden aura.
Frances shouts!
You hit Frances. You freeze Frances.
Frances is no longer distracted by gold.
Frances is severely wounded.
You closely miss the sixfirhy.
The soul eater is no longer distracted by gold.
The sixfirhy hits you but does no damage.
Frances hits you but does no damage.
The soul eater is distracted by your dazzling golden aura.
The sixfirhy hits you.
* * * LOW HITPOINT WARNING * * *
The sixfirhy shocks you!
* * * LOW HITPOINT WARNING * * *
Frances chants phrases taken from a devil's mouth.
The shard of ice hits you! You partially resist.
* * * LOW HITPOINT WARNING * * *
The boulder beetle leaps!
You slice Frances!! You freeze Frances. You headbutt Frances.
Frances is almost dead.
You slash the sixfirhy! You freeze the sixfirhy!
You kill the sixfirhy!
The sixfirhy disappears in a puff of smoke!
The soul eater is no longer distracted by gold.
Frances mutters in a terrible tongue.
The shard of ice hits you! You partially resist.
* * * LOW HITPOINT WARNING * * *
You feel much better. Frances hits you with a +0 long sword.
* * * LOW HITPOINT WARNING * * *
Frances chants phrases taken from a devil's mouth.
The iron shot hits you!!!
You die...
Your body crumbles into a pile of gold.

### #...###########
#...$3@@§..<..#######
#...#######.#....^..# ##
#.............######.###.
#.. ########..# #.....##.
#. #..###.##.##.. #
#............©
...............#©.
######.####.#..##. #.#
#.#.##..


You could see Frances (fast) and a soul eater (summoned).

Vanquished Creatures
  Jorgrun (D:12)
  Gastronok (D:8)
  Snorg (D:13)
  2 centaur warriors (D:13)
  2 two-headed ogres (D:11)
  4 skeletal warriors
  A deep elf pyromancer (D:12)
  Pikel (D:6)
  An oklob plant (D:10)
  2 cyclopes
  A manticore (D:13)
  A gargoyle (D:12)
  Psyche (D:10)
  3 kobold demonologists (D:12)
  An unseen horror (D:10)
  A komodo dragon (D:11)
  4 trolls
  A hornet (D:10)
  Prince Ribbit (D:6)
  4 slime creatures (D:12)
  A meliai zombie (D:10)
  A wraith (D:7)
  A vampire (D:12)
  5 yaks (D:10)
  9 vampire mosquitoes
  A hog (shapeshifter) (D:11)
  Grum (D:8)
  2 acid dragons
  2 wargs (D:11)
  A water moccasin (D:10)
  11 orc warriors
  A hornet zombie (D:8)
  An ice beast (D:7)
  A necrophage (D:8)
  3 ogres
  3 wolves (D:8)
  2 phantoms
  5 centaurs
  2 kobold brigands (D:12)
  2 bullfrogs
  3 scorpions
  A gnoll sergeant (D:7)
  A water moccasin skeleton (D:6)
  9 killer bees
  A howler monkey (D:4)
  An oklob sapling (D:10)
  3 wights (D:6)
  6 centaur zombies
  A bullfrog zombie (D:7)
  A hound (D:6)
  A jelly (D:3)
  8 orc priests
  Crazy Yiuf (D:3)
  A gnoll shaman (D:7)
  A centaur skeleton (D:6)
  2 iguanas
  A scorpion zombie (D:5)
  9 orc wizards
  2 killer bee zombies
  A hound skeleton (D:5)
  A howler monkey zombie (D:11)
  13 gnolls
  13 adders
  A howler monkey skeleton (D:5)
  A shadow imp (D:8)
  2 ufetubi
  2 adder skeletons
  4 worms
  A dart slug (D:1)
  54 orcs
  10 ball pythons
  4 bats
  11 endoplasms
  3 giant cockroaches (D:2)
  14 goblins
  14 hobgoblins
  2 jackals
  4 quokkas
  4 frilled lizards
  A goblin skeleton (D:7)
  A jackal zombie (D:7)
  15 kobolds
  6 rats
324 creatures vanquished.

Vanquished Creatures (others)
  2 ball pythons (D:10)
  20 plants
22 creatures vanquished.

Grand Total: 346 creatures vanquished

Notes
Turn   | Place    | Note
-------+----------+-------------------------------------------
     0 | D:1      | Plasmagod the Minotaur Fighter began the quest for the Orb.
     0 | D:1      | Reached XP level 1. HP: 19/19 MP: 0/0
   145 | D:1      | Reached XP level 2. HP: 27/27 MP: 1/1
   879 | D:2      | Reached skill level 3 in Axes
   879 | D:2      | Reached XP level 3. HP: 33/33 MP: 2/2
   901 | D:2      | Found a faded altar of an unknown god.
   906 | D:2      | Prayed at the altar of an unknown god.
   906 | D:2      | Became a worshipper of Gozag Ym Sagoz the Greedy
  1225 | D:2      | Reached XP level 4. HP: 28/40 MP: 3/3
  1522 | D:2      | Reached skill level 4 in Axes
  2260 | D:3      | Reached XP level 5. HP: 38/47 MP: 4/4
  2507 | D:3      | Identified the +1 plate armour of the Imp {Slay+3}
  2548 | D:3      | Found a runed translucent door.
  2549 | D:3      | Noticed Crazy Yiuf
  2557 | D:3      | Killed Crazy Yiuf
  2558 | D:3      | Reached skill level 5 in Axes
  2562 | D:3      | Identified the +5 mace of Terror {spect, rF++ Will+}
  2575 | D:3      | Identified a scroll of acquirement
  2575 | D:3      | Acquired an amulet of regeneration
  2994 | D:3      | Reached skill level 1 in Staves
  3051 | D:4      | Found a radiant altar of Vehumet.
  3249 | D:4      | Reached XP level 6. HP: 53/53 MP: 5/5
  3418 | D:4      | Found a shadowy altar of Dithmenos.
  3539 | D:4      | Reached skill level 5 in Armour
  3978 | D:5      | Entered Level 5 of the Dungeon
  4026 | D:5      | Reached skill level 5 in Staves
  4046 | D:5      | Reached skill level 5 in Fighting
  4046 | D:5      | Reached XP level 7. HP: 61/61 MP: 6/6
  4129 | D:5      | Found a white marble altar of Elyvilon.
  4525 | D:5      | Bought a transparent battleaxe for 299 gold pieces
  4525 | D:5      | Identified the +1 battleaxe of Nasyina {flame, Fragile
                  | rCorr MP+9 Stlth+} (You bought it in a shop on level 5 of
                  | the Dungeon)
  4531 | D:6      | Found Woreletz's Distillery.
  4541 | D:6      | Bought a potion of heal wounds for 55 gold pieces
  4541 | D:6      | Bought a potion of degeneration for 11 gold pieces
  4617 | D:6      | Noticed Prince Ribbit
  4622 | D:6      | Killed Prince Ribbit
  4623 | D:6      | Reached skill level 10 in Staves
  4623 | D:6      | Reached XP level 8. HP: 61/69 MP: 7/7
  4625 | D:6      | Identified the ring of Plog {Ice SInv}
  4735 | D:6      | Found a sparkling altar of Nemelex Xobeh.
  4744 | D:6      | Found a staircase to the Ecumenical Temple.
  5116 | D:6      | Noticed Pikel
  5123 | D:6      | Killed Pikel
  5124 | D:6      | Reached XP level 9. HP: 75/75 MP: 8/8
  5128 | D:6      | Found a glowing golden altar of the Shining One.
  5332 | D:7      | Found a shimmering altar of Xom.
  5348 | D:7      | Reached skill level 1 in Maces & Flails
  5375 | D:7      | Found Emeose Tuije's Antique Weapon Boutique.
  5405 | D:7      | Bought a transparent hand axe for 160 gold pieces
  5405 | D:7      | Identified the +12 hand axe "Hunepoje" {freeze, rPois rC+}
                  | (You bought it in a shop on level 7 of the Dungeon)
  5537 | D:7      | Reached skill level 6 in Axes
  5565 | D:7      | Found a broken altar of Ashenzari.
  5628 | D:7      | Found a runed translucent door.
  5642 | D:7      | Found a basalt altar of Yredelemnul.
  6035 | D:8      | Found a flagged portal.
  6055 | Bailey   | Entered a bailey
  6120 | Bailey   | Identified the +5 hand axe "Buutit" {freeze, Stlth+}
  6199 | Bailey   | Reached skill level 7 in Axes
  6206 | Bailey   | Reached skill level 1 in Stealth
  6312 | D:8      | Noticed Gastronok
  6323 | D:8      | Killed Gastronok
  6324 | D:8      | Reached skill level 9 in Axes
  6324 | D:8      | Reached skill level 1 in Dodging
  6324 | D:8      | Reached XP level 10. HP: 86/86 MP: 9/9
  6661 | D:8      | Noticed Grum
  6667 | D:8      | Reached skill level 10 in Axes
  6673 | D:8      | Reached skill level 5 in Shields
  6675 | D:8      | Killed Grum
  7357 | D:9      | Found a transporter.
  7357 | D:9      | Noticed a two-headed ogre
  7364 | D:9      | Reached skill level 11 in Axes
  7407 | D:9      | Noticed crawlogic's ghost (novice GrBe)
  7428 | D:9      | Found a transporter.
  7480 | D:9      | Found a staircase to the Orcish Mines.
  7879 | D:10     | Entered Level 10 of the Dungeon
  7931 | D:10     | Reached skill level 12 in Axes
  8158 | D:10     | Noticed an oklob plant
  8264 | D:10     | Noticed Psyche
  8278 | D:10     | Killed Psyche
  8279 | D:10     | Reached XP level 11. HP: 95/95 MP: 10/10
  8484 | D:10     | Found an opulent altar of Gozag.
  8765 | D:10     | Reached skill level 13 in Axes
  8959 | D:10     | Killed an oklob plant
  8960 | D:10     | Reached skill level 1 in Evocations
  8997 | D:11     | Found a staircase to the Lair.
  8997 | D:11     | You are sucked into a shaft and drop 1 floor!
  9233 | D:12     | Noticed a deep elf pyromancer
  9247 | D:12     | Killed a deep elf pyromancer
  9305 | D:12     | Reached skill level 10 in Armour
  9442 | D:12     | Noticed Jorgrun
  9456 | D:12     | Reached skill level 14 in Axes
  9461 | D:12     | Killed Jorgrun
 10307 | D:11     | Reached XP level 12. HP: 105/105 MP: 11/11
 10361 | D:11     | Reached skill level 15 in Axes
 10795 | D:11     | Noticed a two-headed ogre
 10803 | D:11     | Killed a two-headed ogre
 10804 | D:11     | Reached skill level 10 in Fighting
 10874 | D:11     | Noticed a two-headed ogre
 10879 | D:11     | Killed a two-headed ogre
 10972 | D:13     | Identified the +5 falchion "Woxor" {elec, rPois Dex+2}
 10984 | D:13     | Noticed a centaur warrior
 10992 | D:13     | Killed a centaur warrior
 10996 | D:13     | Found a transporter.
 10998 | D:13     | Found a transporter.
 11046 | D:13     | Noticed Snorg
 11054 | D:13     | Noticed Frances
 11065 | D:13     | Noticed a centaur warrior
 11080 | D:13     | Killed Snorg
 11084 | D:13     | Noticed a boulder beetle
 11090 | D:13     | Killed a centaur warrior
 11108 | D:13     | HP: 2/108 [Frances/shard of ice (13)]
 11109 | D:13     | Killed from afar by Frances

Illustrated notes

Levels and vault maps discovered:
D:1:      minmay_arrival_plants_in_alcoves, layout_basic, solitary_fountain
D:2:      layout_loops_ring, shapermc_ecumenical_altar_petra,
          minmay_randomly_rotated_circles
D:3:      minmay_octagon_keep, layout_basic, serial_bayou, serial_bayou_pond_a,
          serial_bayou_ford_a, serial_bayou_pond_b, serial_bayou_lagoon_a,
          nrook_campfire, uniq_crazy_yiuf_cottage
D:4:      layout_basic, lemuel_crystal_altar, overflow_temple_1_default
D:5:      layout_basic, lemuel_crystal_altar, feat_on_display
D:6:      layout_basic, nicolae_tso_swordbearing_angel,
          nemelex_xobeh_ov_fountains_minmay, minmay_temple_entry_mist,
          serial_shops, nicolae_shop_statue_plus, uniq_pikel,
          uniq_prince_ribbit1
D:7:      layout_rooms, dk_yredelemnul_ordeal, evilmike_ruin_ashenzari,
          old_standard_altar, kennysheep_windowed_goal
D:8:      layout_basic, enter_bailey_3, uniq_gastronok, uniq_grum
D:9:      layout_gridville, hiddenorc1_lemuel, gammafunk_ghost_arena
D:10:     layout_cave_pods, grunt_gozag_statues, st_stairs_10,
          introduction_to_nature_1, uniq_psyche
D:11:     minmay_skewed_foursquare, layout_irregular_city,
          erik_lair_orcish_takeover, minivault_27
D:12:     layout_stronghold, kennysheep_generic_room_11, uniq_jorgrun
D:13:     layout_loops_ring, serial_shops, kennysheep_little_box,
          gauntlet_entry_generic, nicolae_antique_artefacts,
          serial_nicolae_subway, nicolae_sub_station_metal,
          nicolae_sub_station_stone, nicolae_sub_station_crystal, uniq_frances,
          uniq_erolcha, uniq_nessos, uniq_snorg

Skill      XL: |  1  2  3  4  5  6  7  8  9 10 11 12 |
---------------+-------------------------------------+-----
Shields        | 4 5 6 7 |  7.3
Armour         | 4 5 7 8 9 10 12 | 12.1
Axes           | 3 4 5 9 12 14 15 | 15.9
Fighting       | 4 5 6 7 8 9 10 | 10.9
Staves         | 1 6 10 14 | 14.0
Maces & Flails | 1 |  1.2
Stealth        | 1 |  1.4
Dodging        | 1 |  1.6
Evocations     | 2 |  2.3

Action                   |  1- 3 |  4- 6 |  7- 9 | 10-12 || total
-------------------------+-------+-------+-------+-------++-------
Melee: War axe           |    64 |    96 |       |       ||   160
       Headbutt          |    11 |    23 |    27 |    91 ||   152
       Quarterstaff      |       |    74 |   101 |       ||   175
       Hand axe          |       |       |    72 |   373 ||   445
Invok: Call Merchant     |       |       |     1 |       ||     1
       Potion Petition   |       |       |       |     1 ||     1
Evoke: Wand              |       |       |       |    18 ||    18
  Use: Scroll            |       |     3 |     4 |     8 ||    15
       Potion            |       |       |     1 |     4 ||     5
 Stab: Distracted        |       |       |     1 |     2 ||     3
Armor: Scale mail        |     5 |       |       |       ||     5
       Chain mail        |    25 |    44 |       |       ||    69
       Plate armour      |       |    70 |   105 |   188 ||   363
Dodge: Dodged            |    23 |    47 |    47 |    66 ||   183
Block: Buckler           |    13 |    22 |    17 |    61 ||   113
